cohdb
Replays
Latest Replays
All Replays
Popular Replays
Top Player Replays
Match Explorer
How It Works
Community
CoH3 Stats
Reddit
Sign in to upload your games and track your stats! →
Sign in with Steam
Match 43466203
Unlisted
Match 43466203
Overview
Messages
Build Orders
End
Construct Barracks
Riflemen Squad
Riflemen Squad
Riflemen Squad
Grenade Package
Air Support Center
Selects Armored Battlegroup
Riflemen Squad
Grasshopper Recon Run
P-47 Strafing Run
Double Sortie
P-47 Strafing Run
Construct Motor Pool
P-47 Dive Bomb
P-47 Dive Bomb
M1 Anti-tank Gun Team
Selects Veteran Crews
Selects Strength in Steel
P-47 Strafing Run
Grasshopper Recon Run
P-47 Dive Bomb
Construct Tank Depot
P-47 Strafing Run
Selects Seek and Destroy
Selects UNKNOWN (2160077)
Selects UNKNOWN (2160077)
M4A3E8 Sherman Easy Eight
P-47 Strafing Run
Grasshopper Recon Run
P-47 Dive Bomb
Dawes
estoy sburado
Hex
Bonemorrow98
Casemaker
CHINOOOK
Tywin Lannister
This game made me racer. F CH*NA
0
0
Comments
sign in to comment!
No comments posted yet!